 Dungeon Crawl Stone Soup version 0.29.1-13-g9f3cf754e1 (webtiles) character file.

Game seed: 17851349863204177037

16 DoIIoM the Caller (level 2, 0/18 HPs)
             Began as an Octopode Summoner on Jan 19, 2023.
             Slain by a hobgoblin (4 damage)
             ... on level 1 of the Dungeon.
             The game lasted 00:01:39 (803 turns).

DoIIoM the Caller (Octopode Summoner)                Turns: 803, Time: 00:01:40

Health: 0/18       AC:  1    Str:  7    XL:     2   Next: 58%
Magic:  1/5        EV: 13    Int: 17    God:
Gold:   32         SH:  0    Dex: 12    Spells: 2/5 levels left

rFire   . . .      SeeInvis .   h - +0 whip
rCold   . . .      Faith    .   (no shield)
rNeg    . . .      Spirit   .   (helmet restricted)
rPois   .          Reflect  .   (no amulet)
rElec   .          Harm     .   (no ring)
rCorr   .          Rampage  .   (no ring)
Will    .....                   (no ring)
Stlth   +++.......              (no ring)
HPRegen 0.06/turn               (no ring)
MPRegen 0.09/turn               (no ring)
                                (no ring)
                                (no ring)

@: no status effects
A: almost no armour, amphibious, 8 rings, camouflage 1, gelatinous body 1,
(nimble swimmer 1), tentacles
a: no special abilities


You were on level 1 of the Dungeon.
You visited 1 branch of the dungeon, and saw 1 of its levels.

You collected 32 gold pieces.

Inventory:

Hand Weapons
 h - a +0 whip (weapon)
Magical Staves
 c - a staff of air
Scrolls
 d - a scroll of summoning {unknown}
 e - a scroll of identify {unknown}
Potions
 a - a potion of magic
 b - a potion of curing {unknown}
 f - a potion of haste {unknown}
 g - 2 potions of heal wounds {unknown}


   Skills:
 + Level 0.7 Fighting
 - Level 2.0 Dodging
 + Level 3.1 Stealth
 + Level 2.2 Spellcasting
 + Level 4.1 Summonings
 + Level 0.7 Air Magic


You had 2 spell levels left.
You knew the following spells:

 Your Spells              Type           Power      Damage    Failure   Level
a - Summon Small Mammal   Summ           60%        N/A       3%          1
b - Call Imp              Summ           15%        N/A       5%          2

Your spell library contained the following spells:

 Spells                   Type           Power      Damage    Failure   Level
 Call Canine Familiar     Summ           15%        N/A       11%         3
 Summon Guardian Golem    Hex/Summ       8%         N/A       24%         3
 Summon Lightning Spire   Summ/Air       10%        N/A       56%         4


Dungeon Overview and Level Annotations

Branches:
Dungeon (1/15)

Altars:


Innate Abilities, Weirdness & Mutations

You cannot wear most types of armour.
You are amphibious.
You can wear up to eight rings at the same time.
Your skin changes colour to match your surroundings (Stealth+).
Your rubbery body absorbs attacks. (AC +1, EV +1)
((You are camouflaged when in or above water. (Stealth+)))
You have tentacles for arms and can constrict up to eight enemies at once.


Message History

The ball python misses you. The ball python constricts you.
* * * LOW HITPOINT WARNING * * *
You escape the ball python's grasp.
The ball python attacks as you move away!
The ball python bites you.
* * * LOW HITPOINT WARNING * * *
Your crimson imp hits the endoplasm.
The endoplasm hits your crimson imp.
The frilled lizard bites your crimson imp.
Your crimson imp barely misses the frilled lizard.
A hobgoblin comes into view.
The endoplasm freezes your crimson imp.
Your crimson imp is frozen.
Your crimson imp is frozen!
The frilled lizard misses your crimson imp.
Your crimson imp hits the frilled lizard.
The frilled lizard dies!
The endoplasm hits your crimson imp but does no damage.
Your crimson imp hits the endoplasm but does no damage.
The ball python misses your crimson imp. x2
The endoplasm freezes your crimson imp.
Your crimson imp is frozen.
The ball python barely misses your crimson imp.
The ball python grabs your crimson imp.
The ball python constricts your crimson imp.
Your crimson imp hits the endoplasm.
The endoplasm dies!
The ball python bites your crimson imp.
The ball python constricts your crimson imp.
Your crimson imp misses the ball python.
Your magical contamination has completely faded away.
The hobgoblin attacks as you move away! The hobgoblin misses you.
The ball python bites your crimson imp.
The ball python constricts your crimson imp.
The frilled lizard bites your crimson imp but does no damage.
Your crimson imp hits the ball python.
The ball python dies!
Your crimson imp blinks!
The hobgoblin attacks as you move away! The hobgoblin hits you.
You die...

#...#..#.....## ####
##............## ...##
#..#......#....# #####...
#............#.##
##.†##.#.###...............#
#...§..#......#......#..##..
#...#l..####†#..........####.
#...l##.....#.....#..#...# #.
#..## ##....g@..........## #.
##. #.#.######.....### #. #
#...# #...### #. ....##
###.###### #. ...####
#......####.
...#################.##...
####...........####.......
####.................####....
##.......#########.......##...


You could see a hobgoblin and a frilled lizard.

Vanquished Creatures
  A dart slug (D:1)
  2 ball pythons (D:1)
  2 bats (D:1)
  A giant cockroach (D:1)
  A quokka (D:1)
  A frilled lizard (D:1)
8 creatures vanquished.

Vanquished Creatures (collateral kills)
  A ball python (D:1)
  2 endoplasms (D:1)
  A frilled lizard (D:1)
  A kobold (D:1)
5 creatures vanquished.

Grand Total: 13 creatures vanquished

Notes
Turn   | Place    | Note
-------+----------+-------------------------------------------
     0 | D:1      | DoIIoM the Octopode Summoner began the quest for the Orb.
     0 | D:1      | Reached XP level 1. HP: 11/11 MP: 3/3
   385 | D:1      | Reached XP level 2. HP: 18/18 MP: 3/5
   438 | D:1      | Learned a level 2 spell: Call Imp
   803 | D:1      | Slain by a hobgoblin

Illustrated notes

Levels and vault maps discovered:
D:1:      dpeg_arrival_circle_labyrinth_a, layout_rooms,
          ebering_ecumenical_altar_ruins, grunt_decor_one_mirror,
          minmay_misc_feat_plants, grunt_decor_clamped, minmay_cupped

Skill      XL: |  1  2 |
---------------+-------+-----
Stealth        | 3 |  3.1
Fighting       | |  0.7
Dodging        | |  2.0
Spellcasting   | |  2.2
Summonings     | |  4.1
Air Magic      | |  0.7

Action                   || total
-------------------------++-------
Melee: Unarmed           ||    17
       Constrict         ||     7
       Tentacles         ||     5
       Whip              ||    10
 Cast: Summon Small Mamm ||     2
       Call Imp          ||     2
 Stab: Sleeping          ||     1
Armor: Skin              ||     6
Dodge: Dodged            ||    36
